 Dungeon Crawl Stone Soup version 0.21.0 (webtiles) character file.

489354 mopl the Bludgeoner (level 23, -19/209 HPs)
             Began as a Minotaur Berserker on Jan 7, 2018.
             Was the Champion of Trog.
             Killed from afar by a hellephant (54 damage)
             ... with a blast of flame
             ... on level 3 of the Abyss.
             The game lasted 02:08:11 (41309 turns).

mopl the Bludgeoner (Minotaur Berserker)           Turns: 41309, Time: 02:08:12

Health: -19/209    AC: 44    Str: 24    XL:     23   Next: 23%
Magic:  41/41      EV: 16    Int:  7    God:    Trog [******]
Gold:   4114       SH:  0    Dex: 30    Spells: 22/22 levels left

rFire    . . .     SeeInvis +   a - +9 battleaxe (vamp)
rCold    . . .     Gourm    .   (shield currently unavailable)
rNeg     . . .     Faith    +   L - +8 orange crystal plate armour {Archmagi, Int+3 Clar}
rPois    +         Spirit   .   b - +1 hat {SInv}
rElec    .         Reflect  .   q - +1 cloak {rPois}
rCorr    .         Harm     .   J - +2 pair of gloves
MR       +....     Clarity  +   D - +2 pair of boots {Fly}
Stlth    ..........             S - amulet "Suciaden" {Faith Dex+6}
HPRegen  0.44/turn              V - +4 ring of dexterity
MPRegen  0.27/turn              T - ring "Bale" {MP+9 Dex+2}

@: berserk cooldown, flying, slowed, very slow
A: retaliatory headbutt, horns 2, deterioration 1
}: 4/15 runes: decaying, serpentine, silver, abyssal
a: Berserk, Trog's Hand, Brothers in Arms, Burn Spellbooks, Renounce Religion,
Stop Flying


You were on level 3 of the Abyss.
You worshipped Trog.
Trog was exalted by your worship.
You were not hungry.

You visited 8 branches of the dungeon, and saw 40 of its levels.
You visited the Abyss 1 time.
You also visited: Labyrinth, Sewer, Bailey, Ice Cave and Volcano.

You collected 6799 gold pieces.
You spent 2685 gold pieces at shops.

Inventory:

Hand Weapons
 a - a +9 vampiric battleaxe (weapon)
Missiles
 k - 18 javelins of penetration
 A - 3 throwing nets
 K - 18 poisoned javelins
 R - 48 tomahawks of returning (quivered)
Armour
 b - a +1 hat of see invisible (worn)
 q - a +1 cloak of poison resistance (worn)
 s - the +10 plate armour of the Cast Vote {rCorr Str+4}
   (You found it on level 3 of the Elven Halls)

   It affects your strength (+4).
   It protects you from acid and corrosion.
 D - a +2 pair of boots of flying (worn)
 J - a +2 pair of gloves (worn)
 L - the +8 orange crystal plate armour (worn) {Archmagi, Int+3 Clar}
   (You took it off a deep elf high priest on level 3 of the Elven Halls)

   It affects your intelligence (+3).
   It protects you against confusion.
Jewellery
 r - an uncursed ring of resist corrosion
 G - the ring "Cezer" {+Inv rPois rC++ AC+4 Int-5}
   (You took it off a deep elf sorcerer on level 3 of the Elven Halls)

   [ring of protection]

   It affects your AC (+4).
   It affects your intelligence (-5).
   It greatly protects you from cold.
   It protects you from poison.
   It lets you turn invisible.
 S - the amulet "Suciaden" (around neck) {Faith Dex+6}
   (You bought it in a shop on level 3 of the Snake Pit)

   [amulet of faith]

   It allows you to gain divine favour quickly.
   It affects your dexterity (+6).
 T - the ring "Bale" (right hand) {MP+9 Dex+2}
   (You took it off a tengu reaver on level 5 of the Vaults)

   [ring of magical power]

   It affects your dexterity (+2).
   It affects your magic capacity (+9).
 V - a +4 ring of dexterity (left hand)
Wands
 d - a wand of disintegration (74)
 o - a wand of scattershot (5)
 x - a wand of acid (16)
 C - a wand of polymorph (19)
 H - a wand of iceblast (87)
 P - a wand of paralysis (50)
 Q - a wand of enslavement (10)
 Z - a wand of digging (25)
Scrolls
 f - a scroll of summoning
 j - 21 scrolls of remove curse
 l - a scroll of immolation
 m - 12 scrolls of fog
 t - 5 scrolls of blinking
 v - a scroll of identify
 y - 9 scrolls of magic mapping
 z - a scroll of silence {!r}
 I - 29 scrolls of teleportation
 M - 2 scrolls of vulnerability
 O - 2 scrolls of holy word
 W - 5 scrolls of fear
Potions
 e - 4 potions of cancellation
 g - 3 potions of might
 h - 22 potions of curing
 i - 2 potions of resistance
 n - 3 potions of heal wounds
 u - 5 potions of haste
 w - 6 potions of ambrosia
 E - 2 potions of invisibility
 N - 5 potions of agility
Miscellaneous
 p - a phantom mirror
 B - a box of beasts
 F - a phial of floods
 U - a lightning rod (4/4)
 X - a lamp of fire
 Y - a fan of gales
Comestibles
 c - 45 rations


   Skills:
 + Level 17.9 Fighting
 * Level 16.4(20.2) Axes
   Level 20.0(21.8) Maces & Flails
 * Level 19.1 Throwing
 + Level 17.8 Armour
 + Level 13.5 Dodging
 + Level 13.3 Evocations


You had 22 spell levels left.
You didn't know any spells.

Dungeon Overview and Level Annotations

Branches:
Dungeon (15/15)            Temple (0/1) D:7            Lair (6/6) D:11
  Swamp (4/4) Lair:3        Snake (4/4) Lair:4        Slime (0/5) Lair:5
    Orc (2/2) D:9             Elf (3/3) Orc:2        Vaults (5/5) D:13
 Depths (1/5) D:15
  Crypt: Vaults:2-3

Altars:
Ashenzari
Cheibriados
Elyvilon
Gozag
Kikubaaqudgha
Nemelex Xobeh
Ru
Sif Muna
Vehumet
Xom
The Shining One
Beogh
Jiyva
Lugonu

Shops:
D:6 [   D:13 [   Orc:2 ?(=[}([([   Snake:3 =}}   Vaults:4 }   Vaults:5 ?

Portals:
Hell: Depths:1
Abyss: Depths:1
Pandemonium: Depths:1
Ziggurat: Depths:1
Trove: Vaults:2 (show abyssal rune of Zot)

Annotations:
D:8 dig
Vaults:5 broad + immo


Innate Abilities, Weirdness & Mutations

You reflexively headbutt those who attack you in melee.
You have a pair of horns on your head.
Your body sometimes deteriorates upon taking damage.


Message History

You feel the abyssal rune guiding you out of this place.
There is a corrupted altar of Lugonu here.
Unknown command.
Press < or > to pray at altars.
Saving game... please wait.
Welcome back, mopl the Minotaur Berserker.
Trog says: Kill them all!
Press ? for a list of commands and other information.
The hellephant blinks!
You are no longer firmly anchored in space.
Things that are here:
a cloak; a long sword
There is a gateway leading out of the Abyss, spattered with blood here.
Items here: )) [[ † a glowing cloak; a short sword; a cloak; a rapier; a red draconian corpse
As you read the scroll of identify, it crumbles to dust. a +1 cloak The hellephant breathes flames at you.
The blast of flame hits you!
You die...

...≈..§≈ ######§.
#..#...≈≈v≈§§§≈##
......§§§≈.§§..≈##
#...#§§≈≈≈..††...§#
≈ ...#Y≈≈≈≈.§§#v#
.≈≈
.#..#§≈≈≈..##+##..≈≈
#....≈≈≈≈..#8.8# . ≈
#..≈≈≈§[.#...# ≈≈
#.#.≈≈§@§8.._.# .§
.##≈§≈≈§.#...# .
#§§§§§.#.###
##..§≈≈≈..§#.
...#.§##≈..... ...
#.. ##≈..≈.. ## #..
##≈§§≈≈≈ .≈.
######§≈


You could see a hellephant and a spatial vortex.

Vanquished Creatures
  the Lernaean hydra (Swamp:4)
  Saint Roka (Snake:4)
  2 bone dragons (Abyss:3)
  2 tentacled monstrosities
  Rupert (Lair:3)
  A titan (Vaults:5)
  A quicksilver dragon (Vaults:4)
  3 deep elf master archers (Elf:3)
  2 deep elf blademasters (Elf:3)
  2 thorn hunters
  2 tentacled starspawn (Abyss:3)
  A storm dragon (Vaults:5)
  A shadow dragon (Vaults:5)
  5 tengu reavers
  2 daevas (Depths:1)
  5 nagarajas (Snake:4)
  An iron dragon (Vaults:4)
  3 frost giants
  2 orc warlords
  7 deep elf sorcerers
  16 vault wardens
  6 deep elf elementalists
  Aizul (Snake:4)
  3 draconian shifters (Abyss:3)
  2 fire giants
  12 ironheart preservers
  A ghoul (Vaults:4)
  An angel (Depths:1)
  3 war gargoyles (Vaults:5)
  7 stone giants
  A very ugly thing (Vaults:5)
  5 deep elf demonologists
  Azrael (Orc:2)
  12 deep elf annihilators
  5 dire elephants (Abyss:3)
  7 ettins
  5 deep elf death magi
  5 jiangshi (Depths:1)
  6 fire dragons
  A minotaur (Lab)
  5 deep elf high priests
  3 yaktaur captains
  Erolcha (Orc:1)
  A great orb of eyes (Vaults:1)
  2 ice dragons (Vaults:4)
  33 vault guards
  23 hydras
  A ghost crab (Swamp:2)
  15 naga warriors
  3 death knights
  28 two-headed ogres
  13 centaur warriors
  10 alligators
  7 ogre magi
  Erica (D:8)
  5 anacondas
  The ghost of Vajrapani the Basher, a novice BaWz of Nemelex Xobeh (D:10)
  6 dancing weapons
  3 deep troll shamans
  4 large abominations
  Urug (D:15)
  4 deep troll earth magi
  A death yak (shapeshifter) (Vaults:5)
  A vampire mage (Depths:1)
  9 naga sharpshooters
  3 shadow wraiths
  6 deep elf knights
  A fire crab (Volcano)
  3 salamander mystics
  Nergalle (Lair:3)
  6 slime creatures
  2 flayed ghosts
  3 wretched stars (Abyss:3)
  A sea snake (shapeshifter) (Vaults:1)
  A spatial maelstrom (Abyss:3)
  5 skeletal warriors
  3 sea snakes (Snake:3)
  An unseen horror (shapeshifter) (Vaults:4)
  3 unseen horrors
  3 spriggan druids
  9 swamp dragons
  8 ironbrand convokers
  4 shambling mangroves
  5 wizards
  3 phantasmal warriors
  11 deep trolls
  5 deep elf archers
  2 glowing orange brains (Abyss:3)
  A tengu skeleton (Vaults:5)
  7 naga ritualists
  A lindwurm (Volcano)
  5 harpies (Vaults:1)
  32 deep elf magi
  12 orc knights
  2 wolf spider zombies
  7 mana vipers
  8 wolf spiders
  A wolf spider (shapeshifter) (Vaults:4)
  2 necromancers
  A cyclops (shapeshifter) (Vaults:2)
  3 cyclopes
  11 ugly things
  7 orc sorcerers
  4 manticores
  A worldbinder (Abyss:3)
  20 salamanders
  A rust devil (Abyss:3)
  2 elephants (Abyss:3)
  6 guardian serpents
  2 molten gargoyles (Volcano)
  An ice statue (IceCv)
  A stone giant skeleton (Vaults:5)
  2 gargoyles (D:13)
  2 apocalypse crabs (Abyss:3)
  31 black mambas
  15 naga magi
  11 vault sentinels
  4 centaur skeletons
  16 freezing wraiths
  A komodo dragon (shapeshifter) (Vaults:5)
  An efreet (D:13)
  32 spiny frogs
  11 rime drakes
  40 yaktaurs
  A hellion (Abyss:3)
  2 rime drakes (shapeshifter)
  9 komodo dragons
  A queen bee (D:9)
  8 trolls
  The ghost of komo4ek the Ducker, an amateur DrBe of Trog (D:4)
  A tengu conjurer (Depths:1)
  A minotaur zombie (Lab)
  A guardian mummy (Vaults:2)
  6 meliai (D:14)
  A polar bear (Lair:3)
  A polar bear (shapeshifter) (Vaults:1)
  28 blink frogs
  A raiju (Abyss:3)
  A blink frog (shapeshifter) (Depths:1)
  4 dream sheep
  15 tyrant leeches
  17 hornets
  6 hippogriffs
  4 bog bodies
  A vampire (D:12)
  12 spriggans
  Sigmund (D:4)
  2 shadows
  An air elemental (Elf:2)
  A redback (shapeshifter) (Vaults:5)
  7 fire bats (Volcano)
  3 wyverns
  A ynoxinul (Abyss:3)
  6 wraiths
  8 fire elementals
  52 yaks
  7 steam dragons
  4 basilisks
  A human (D:13)
  2 hungry ghosts
  18 vampire mosquitoes
  5 spatial vortices (Abyss:3)
  15 insubstantial wisps
  4 wargs
  A yaktaur simulacrum (Vaults:5)
  A soldier ant (shapeshifter) (Vaults:4)
  27 swamp worms
  71 nagas
  11 water moccasins
  Duvessa (D:4)
  16 swamp drakes
  7 porcupines
  3 hell hounds
  A floating eye (shapeshifter) (Vaults:4)
  12 ice beasts
  3 alligator simulacra (IceCv)
  2 black bears
  An eye of draining (Abyss:3)
  36 orc warriors
  3 sky beasts
  3 phantoms
  2 small abominations (Abyss:3)
  26 ogres
  A hornet zombie (D:15)
  A necrophage (D:12)
  A wolf (Lair:2)
  A boggart (Elf:1)
  28 centaurs
  15 crocodiles
  3 big kobolds
  23 bullfrogs
  3 earth elementals
  A wyvern skeleton (D:13)
  3 scorpions
  Dowan (D:4)
  11 killer bees (D:9)
  An elephant simulacrum (IceCv)
  21 wights
  A vampire bat (D:6)
  4 electric eels
  3 howler monkeys
  A bullfrog zombie (D:12)
  2 centaur zombies
  4 draconian simulacra (IceCv)
  7 crimson imps
  4 hounds
  5 lava snakes (Volcano)
  3 jellies
  17 orc priests
  3 iguanas
  An iron imp (Depths:1)
  Jessica (D:3)
  6 hell rats (Lair:6)
  30 orc wizards
  5 troll simulacra (IceCv)
  4 spriggan simulacra (IceCv)
  12 worker ants
  4 centaur simulacra
  2 hound zombies
  A howler monkey zombie (D:8)
  Robin (D:4)
  2 worker ant zombies
  13 gnolls
  A howler monkey skeleton (D:6)
  A naga simulacrum (IceCv)
  3 ogre simulacra (IceCv)
  16 adders
  A river rat (Sewer)
  2 shadow imps
  13 white imps
  An ooze (D:4)
  An adder skeleton (D:4)
  4 worms
  6 leopard geckos
  78 orcs
  6 bats
  3 bat skeletons (D:6)
  2 bat zombies (D:6)
  4 giant cockroaches
  13 hobgoblins
  5 jackals
  26 kobolds
  2 quokkas
  2 ball pythons
  10 frilled lizards
  17 goblins
  A jackal zombie (D:8)
  A quokka skeleton (D:5)
  7 rats
  2 crawling corpses (Vaults:5)
  2 starspawn tentacles (Abyss:3)
1686 creatures vanquished.

Vanquished Creatures (collateral kills)
  A hydra (Swamp:4)
  A spiny frog (Lair:2)
  A rime drake (Lair:2)
  2 blink frogs (Lair:2)
  5 wolves (Lair:2)
10 creatures vanquished.

Vanquished Creatures (others)
  Nikola (Swamp:3)
  A deep elf master archer (Elf:3)
  A deep elf blademaster (Elf:3)
  A phantasmal warrior (Vaults:5)
  A yaktaur (Vaults:4)
  A warg (Vaults:5)
  A bush (Lair:6)
  A crawling corpse (Vaults:5)
  19 fungi
  35 plants (Lair:6)
  2 starspawn tentacles (Abyss:3)
64 creatures vanquished.

Grand Total: 1760 creatures vanquished

Notes
Turn   | Place    | Note
-------+----------+-------------------------------------------
     0 | D:1      | mopl the Minotaur Berserker began the quest for the Orb.
     0 | D:1      | Reached XP level 1. HP: 19/19 MP: 0/0
   100 | D:1      | Reached skill level 4 in Maces & Flails
   198 | D:1      | Reached XP level 2. HP: 24/26 MP: 1/1
   318 | D:1      | Reached skill level 5 in Maces & Flails
   359 | D:1      | Reached XP level 3. HP: 8/31 MP: 2/2
   756 | D:2      | Noticed a bullfrog
   764 | D:2      | Killed a bullfrog
   764 | D:2      | Reached skill level 6 in Maces & Flails
   764 | D:2      | Reached XP level 4. HP: 39/39 MP: 3/3
   810 | D:2      | Reached ** piety under Trog
  1107 | D:2      | Found an opulent altar of Gozag.
  1166 | D:2      | Reached XP level 5. HP: 24/45 MP: 4/4
  1169 | D:2      | Reached skill level 7 in Maces & Flails
  1611 | D:3      | Noticed a two-headed ogre
  1618 | D:3      | Killed a two-headed ogre
  1618 | D:3      | Reached skill level 10 in Maces & Flails
  1618 | D:3      | Reached XP level 6. HP: 20/51 MP: 5/5
  1618 | D:3      | Reached XP level 7. HP: 22/57 MP: 6/6
  2011 | D:3      | Noticed Jessica
  2014 | D:3      | Killed Jessica
  2014 | D:3      | Reached skill level 11 in Maces & Flails
  2366 | D:3      | Reached skill level 1 in Throwing
  2366 | D:3      | Reached skill level 3 in Armour
  2505 | D:4      | Reached skill level 4 in Fighting
  2520 | D:4      | Reached XP level 8. HP: 57/66 MP: 7/7
  2581 | D:4      | Found a glowing drain.
  2584 | D:4      | Noticed Dowan
  2587 | D:4      | Noticed Duvessa
  2608 | D:4      | Killed Dowan
  2672 | Sewer    | Entered a sewer
  2747 | Sewer    | Reached skill level 2 in Throwing
  2767 | Sewer    | Found a white marble altar of Elyvilon.
  2888 | D:4      | Killed Duvessa
  2888 | D:4      | Reached skill level 4 in Armour
  2957 | D:4      | Noticed Sigmund
  2972 | D:4      | Killed Sigmund
  2972 | D:4      | Reached *** piety under Trog
  2972 | D:4      | Reached skill level 5 in Fighting
  3182 | D:4      | Noticed Robin
  3203 | D:4      | Killed Robin
  3389 | D:4      | Reached skill level 3 in Throwing
  3397 | D:4      | Reached skill level 12 in Maces & Flails
  3456 | D:4      | Noticed komo4ek's ghost (amateur DrBe)
  3469 | D:4      | Killed komo4ek's ghost
  3469 | D:4      | Reached XP level 9. HP: 9/74 MP: 8/8
  3957 | D:5      | Entered Level 5 of the Dungeon
  3984 | D:5      | Reached skill level 5 in Armour
  4168 | D:5      | Reached skill level 6 in Fighting
  4199 | D:5      | Reached **** piety under Trog
  4560 | D:5      | Reached skill level 4 in Throwing
  4897 | D:5      | Found a snail-covered altar of Cheibriados.
  4903 | D:5      | Found a glowing golden altar of the Shining One.
  5011 | D:6      | Found a sacrificial altar of Ru.
  5048 | D:6      | Found a shimmering altar of Xom.
  5151 | D:6      | Reached skill level 6 in Armour
  5195 | D:6      | Found Atwidghu's Armour Boutique.
  5208 | D:6      | Bought a +1 hat of see invisible for 224 gold pieces
  5250 | D:6      | Found an ancient bone altar of Kikubaaqudgha.
  5299 | D:6      | Reached skill level 13 in Maces & Flails
  5317 | D:6      | Reached skill level 7 in Fighting
  5326 | D:6      | Reached XP level 10. HP: 86/86 MP: 9/9
  5345 | D:6      | Reached skill level 5 in Throwing
  5622 | D:7      | Found a staircase to the Ecumenical Temple.
  5729 | D:7      | Reached skill level 7 in Armour
  5743 | D:7      | Found a sparkling altar of Nemelex Xobeh.
  6131 | D:8      | Reached ***** piety under Trog
  6226 | D:8      | Noticed Erica
  6240 | D:8      | Killed Erica
  6240 | D:8      | Reached skill level 14 in Maces & Flails
  6240 | D:8      | Reached skill level 1 in Evocations
  6270 | D:8      | Noticed a two-headed ogre
  6281 | D:8      | Killed a two-headed ogre
  6281 | D:8      | Reached skill level 8 in Fighting
  6333 | D:8      | Found a deep blue altar of Sif Muna.
  6397 | D:8      | Reached skill level 2 in Evocations
  6402 | D:8      | Received a gift from Trog
  6415 | D:8      | Got a twisted great mace {god gift}
  6416 | D:8      | Identified the +6 great mace of Liufraciu {freeze, rF+ Dex-4 Stlth+} (Trog gifted it to you on level 8 of the Dungeon)
  6444 | D:8      | Reached skill level 6 in Throwing
  6695 | D:8      | Noticed an unseen horror
  7096 | D:9      | Found a staircase to the Orcish Mines.
  7381 | D:9      | Reached skill level 8 in Armour
  7493 | D:10     | Entered Level 10 of the Dungeon
  7499 | D:10     | Reached XP level 11. HP: 95/95 MP: 11/11
  7591 | D:10     | Noticed Vajrapani's ghost (novice BaWz)
  7597 | D:10     | Killed Vajrapani's ghost
  7959 | D:10     | Reached skill level 3 in Evocations
  8669 | D:11     | Noticed an unseen horror
  8679 | D:11     | Killed an unseen horror
  8824 | D:11     | Reached skill level 15 in Maces & Flails
  8827 | D:11     | Reached skill level 9 in Fighting
  8850 | D:11     | Found a flagged portal.
  8859 | Bailey   | Entered a bailey
  8864 | Bailey   | Noticed an orc warlord
  9007 | Bailey   | Found a runed gate.
  9009 | Bailey   | Found a runed gate.
  9019 | Bailey   | Found a runed gate.
  9030 | Bailey   | Killed an orc warlord
  9030 | Bailey   | Reached skill level 7 in Throwing
  9049 | Bailey   | Received a gift from Trog
  9054 | Bailey   | Reached skill level 9 in Armour
  9310 | D:11     | Noticed a deep elf mage
  9314 | D:11     | Killed a deep elf mage
  9314 | D:11     | Reached skill level 4 in Evocations
  9366 | D:11     | Noticed a two-headed ogre
  9373 | D:11     | Killed a two-headed ogre
  9561 | D:11     | Found a staircase to the Lair.
 10038 | Lair:1   | Entered Level 1 of the Lair of Beasts
 10137 | Lair:1   | Noticed a six-headed hydra
 10144 | Lair:1   | Killed a six-headed hydra
 10144 | Lair:1   | Reached XP level 12. HP: 106/106 MP: 14/14
 10310 | Lair:1   | Found a dark tunnel.
 10319 | Volcano  | Entered a volcano
 10480 | Volcano  | Found a radiant altar of Vehumet.
 10498 | Volcano  | Reached skill level 10 in Fighting
 10593 | Volcano  | Reached skill level 16 in Maces & Flails
 10643 | Volcano  | Reached skill level 8 in Throwing
 10643 | Volcano  | Reached skill level 5 in Evocations
 10961 | Lair:2   | Reached skill level 10 in Armour
 11006 | Lair:2   | Received a gift from Trog
 11315 | Lair:2   | Noticed a four-headed hydra
 11321 | Lair:2   | Killed a four-headed hydra
 11456 | Lair:2   | Got an encrusted chain mail
 12802 | Orc:1    | Entered Level 1 of the Orcish Mines
 12879 | Orc:1    | Reached skill level 6 in Evocations
 12987 | Orc:1    | Found a roughly hewn altar of Beogh.
 13071 | Orc:1    | Noticed Erolcha
 13079 | Orc:1    | Killed Erolcha
 13079 | Orc:1    | Reached skill level 11 in Fighting
 13079 | Orc:1    | Reached XP level 13. HP: 116/116 MP: 16/16
 13089 | Orc:1    | Reached skill level 17 in Maces & Flails
 13148 | Orc:2    | Entered Level 2 of the Orcish Mines
 13148 | Orc:2    | Found Teoclus's Jewellery Shoppe.
 13150 | Orc:2    | Found a frozen archway.
 13173 | IceCv    | Entered an ice cave
 13564 | IceCv    | Received a gift from Trog
 13594 | IceCv    | Reached skill level 9 in Throwing
 14001 | IceCv    | Reached skill level 11 in Armour
 14010 | IceCv    | Received a gift from Trog
 14242 | IceCv    | Found an ancient bone altar of Kikubaaqudgha.
 14334 | IceCv    | Received a gift from Trog
 14481 | Orc:2    | Bought a cursed amulet of inaccuracy for 24 gold pieces
 14523 | Orc:2    | Found a roughly hewn altar of Beogh.
 14523 | Orc:2    | Found Komm's Armour Shoppe.
 14533 | Orc:2    | Bought a +1 pair of boots of flying for 280 gold pieces
 14673 | Orc:2    | Noticed Azrael
 14692 | Orc:2    | Killed Azrael
 14692 | Orc:2    | Received a gift from Trog
 14696 | Orc:2    | Found a roughly hewn altar of Beogh.
 14873 | Orc:2    | Found a roughly hewn altar of Beogh.
 14913 | Orc:2    | Found Udwoaj's Gadget Shop.
 14945 | Orc:2    | Found Irarem's Weapon Boutique.
 14951 | Orc:2    | Received a gift from Trog
 14976 | Orc:2    | Found Kiqog's Magic Scroll Boutique.
 14979 | Orc:2    | Bought a scroll of remove curse for 30 gold pieces
 14979 | Orc:2    | Bought a scroll of identify for 20 gold pieces
 14979 | Orc:2    | Bought a scroll of identify for 20 gold pieces
 14979 | Orc:2    | Bought a scroll of identify for 20 gold pieces
 14979 | Orc:2    | Bought a scroll of identify for 20 gold pieces
 14979 | Orc:2    | Bought a scroll of amnesia for 35 gold pieces
 14979 | Orc:2    | Bought a scroll of noise for 10 gold pieces
 14979 | Orc:2    | Bought a scroll of enchant weapon for 75 gold pieces
 14979 | Orc:2    | Bought a scroll of teleportation for 30 gold pieces
 15053 | Orc:2    | Found Wachioc's Weapon Boutique.
 15080 | Orc:2    | Bought 6 needles of frenzy for 31 gold pieces
 15080 | Orc:2    | Found Qitonabe's Armour Shop.
 15137 | Orc:2    | Found a roughly hewn altar of Beogh.
 15257 | Orc:2    | Reached skill level 7 in Evocations
 15349 | Orc:2    | Received a gift from Trog
 15373 | Orc:2    | Noticed an orc warlord
 15392 | Orc:2    | Killed an orc warlord
 15400 | Orc:2    | Found Xisuq's Antique Armour Boutique.
 15401 | Orc:2    | Found a roughly hewn altar of Beogh.
 15404 | Orc:2    | Found Weafuck's Antique Weapon Shop.
 15415 | Orc:2    | Bought a pair of glowing gloves for 270 gold pieces
 15468 | Orc:2    | Found a staircase to the Elven Halls.
 15468 | Orc:2    | Found a roughly hewn altar of Beogh.
 15516 | Orc:2    | Found a roughly hewn altar of Beogh.
 15825 | Lair:3   | Found a staircase to the Swamp.
 15952 | Lair:3   | Noticed Nergalle
 15961 | Lair:3   | Killed Nergalle
 15961 | Lair:3   | Reached skill level 18 in Maces & Flails
 16136 | Lair:3   | Reached skill level 12 in Fighting
 16159 | Lair:3   | Noticed Rupert
 16175 | Lair:3   | Killed Rupert
 16175 | Lair:3   | Reached XP level 14. HP: 126/126 MP: 18/18
 16513 | Lair:4   | Received a gift from Trog
 16516 | Lair:4   | Got a bloodstained longbow {god gift}
 16517 | Lair:4   | Identified the +7 longbow of Impatience {flame, MR+ Str+2 Dex-2} (Trog gifted it to you on level 4 of the Lair of Beasts)
 16610 | Lair:4   | Found a staircase to the Snake Pit.
 17182 | Lair:1   | Reached skill level 10 in Throwing
 17250 | Lair:5   | Found a viscous altar of Jiyva.
 17250 | Lair:5   | Found a staircase to the Slime Pits.
 17400 | Lair:5   | Reached skill level 3 in Dodging
 17417 | Lair:5   | Reached skill level 12 in Armour
 17480 | Lair:5   | Found a labyrinth entrance.
 17490 | Lab      | Entered a labyrinth
 17717 | Lab      | Identified the Almanac of Dark Stones
 18621 | Lair:6   | Entered Level 6 of the Lair of Beasts
 18973 | Lair:6   | Reached skill level 4 in Dodging
 19163 | Lair:6   | Reached skill level 8 in Evocations
 20244 | Lair:6   | Received a gift from Trog
 20274 | Lair:6   | Reached skill level 5 in Dodging
 20278 | Lair:6   | Reached skill level 19 in Maces & Flails
 20597 | Lair:6   | Reached skill level 13 in Fighting
 20880 | Swamp:1  | Entered Level 1 of the Swamp
 20891 | Swamp:1  | Reached XP level 15. HP: 135/135 MP: 20/20
 21443 | Swamp:1  | Reached skill level 11 in Throwing
 21779 | Swamp:2  | Noticed a thorn hunter
 21790 | Swamp:2  | Killed a thorn hunter
 21790 | Swamp:2  | Reached skill level 13 in Armour
 21794 | Swamp:2  | Received a gift from Trog
 22054 | Swamp:2  | Reached skill level 6 in Dodging
 22657 | Swamp:2  | Reached ****** piety under Trog
 22657 | Swamp:2  | Received a gift from Trog
 22909 | Swamp:2  | Reached skill level 9 in Evocations
 23188 | Swamp:3  | Noticed Nikola
 23202 | Swamp:3  | Killed Nikola
 24310 | Swamp:4  | Entered Level 4 of the Swamp
 24647 | Swamp:4  | Noticed a thorn hunter
 24662 | Swamp:4  | Killed a thorn hunter
 24996 | Swamp:4  | Reached skill level 7 in Dodging
 25003 | Swamp:4  | Reached skill level 12 in Throwing
 25004 | Swamp:4  | Reached XP level 16. HP: 138/145 MP: 21/21
 25353 | Swamp:4  | Received a gift from Trog
 25375 | Swamp:4  | Reached skill level 20 in Maces & Flails
 25470 | Swamp:4  | Noticed the 27-headed Lernaean hydra
 25478 | Swamp:4  | Killed the 27-headed Lernaean hydra
 25528 | Swamp:4  | Received a gift from Trog
 25547 | Swamp:4  | Reached skill level 14 in Fighting
 25946 | Swamp:4  | Got a decaying rune of Zot
 26225 | Lair:1   | Identified the +6 chain mail of Uskayaw's Benevolence {MR+ MP+9} (You found it on level 2 of the Lair of Beasts)
 26273 | Lair:1   | Reached skill level 13 in Throwing
 26273 | Lair:1   | Reached skill level 14 in Armour
 26273 | Lair:1   | Reached skill level 8 in Dodging
 26273 | Lair:1   | Reached XP level 17. HP: 152/152 MP: 23/23
 26274 | Lair:1   | Reached XP level 18. HP: 160/160 MP: 24/24
 26297 | Lair:1   | Identified 2 scrolls of acquirement {bailey}
 26318 | Lair:1   | Got a translucent buckler
 26325 | Lair:1   | Identified the +0 buckler of Dergh {Int+2} (You acquired it on level 1 of the Lair of Beasts)
 26376 | Snake:1  | Entered Level 1 of the Snake Pit
 26460 | Snake:1  | Reached skill level 10 in Evocations
 26492 | Snake:1  | Reached skill level 14 in Throwing
 27152 | Snake:1  | Reached skill level 1 in Axes
 27450 | Snake:2  | Reached skill level 2 in Axes
 27545 | Snake:2  | Got a dazzling cloak
 27569 | Snake:2  | Identified the -5 cloak of Fun and Games {-Cast MR+ Str+4 Dex+4} (You acquired it on level 2 of the Snake Pit)
 28037 | Snake:3  | Received a gift from Trog
 28037 | Snake:3  | Reached skill level 3 in Axes
 28262 | Snake:3  | Reached skill level 9 in Dodging
 28279 | Snake:3  | Found Idwynet's Gadget Boutique.
 28284 | Snake:3  | Found Jyikieri's Jewellery Emporium.
 28289 | Snake:3  | Found Zuunuf's Gadget Boutique.
 28322 | Snake:3  | Bought the amulet "Suciaden" {Faith Dex+6} for 1013 gold pieces
 28465 | Snake:3  | Received a gift from Trog
 28465 | Snake:3  | Reached skill level 4 in Axes
 28726 | Snake:4  | Entered Level 4 of the Snake Pit
 28726 | Snake:4  | Noticed Aizul
 28741 | Snake:4  | Killed Aizul
 28741 | Snake:4  | Received a gift from Trog
 28741 | Snake:4  | Reached XP level 19. HP: 119/169 MP: 25/25
 28787 | Snake:4  | Reached skill level 5 in Axes
 29018 | Snake:4  | Received a gift from Trog
 29025 | Snake:4  | Noticed Saint Roka
 29487 | Snake:4  | Killed Saint Roka
 29489 | Snake:4  | Reached skill level 6 in Axes
 29658 | Snake:4  | Reached skill level 15 in Fighting
 29666 | Snake:4  | Reached skill level 15 in Throwing
 29779 | Snake:4  | Found a white marble altar of Elyvilon.
 29916 | Snake:4  | Reached skill level 15 in Armour
 29938 | Snake:4  | Reached skill level 7 in Axes
 29945 | Snake:4  | Received a gift from Trog
 30093 | Snake:4  | Received a gift from Trog
 30258 | Snake:4  | Got a serpentine rune of Zot
 30422 | Lair:2   | Gained mutation: Your body sometimes deteriorates upon taking damage. [mutagenic glow]
 30637 | D:13     | Reached skill level 10 in Dodging
 30659 | D:13     | Found a gate to the Vaults.
 30734 | D:13     | Found Wofi's Antique Armour Shop.
 30823 | D:13     | Reached skill level 8 in Axes
 31015 | D:13     | Reached skill level 11 in Evocations
 31372 | D:14     | Received a gift from Trog
 31725 | D:14     | Received a gift from Trog
 31769 | D:14     | Found a shattered altar of Ashenzari.
 31958 | D:14     | Found a radiant altar of Vehumet.
 32339 | D:15     | Entered Level 15 of the Dungeon
 32345 | D:15     | Reached skill level 9 in Axes
 32795 | D:15     | Received a gift from Trog
 32970 | D:15     | Found a staircase to the Depths.
 33016 | D:15     | Noticed Urug
 33027 | D:15     | Killed Urug
 33079 | D:15     | Received a gift from Trog
 33501 | Vaults:1 | Entered Level 1 of the Vaults
 33533 | Vaults:1 | Reached XP level 20. HP: 115/179 MP: 27/27
 33639 | Vaults:1 | Reached skill level 16 in Throwing
 33663 | Vaults:1 | Reached skill level 10 in Axes
 33799 | Vaults:1 | Received a gift from Trog
 33813 | Vaults:1 | Got a warped great mace {god gift}
 33934 | Vaults:1 | Reached skill level 11 in Dodging
 33943 | Vaults:1 | Reached skill level 11 in Axes
 33946 | Vaults:1 | Received a gift from Trog
 33963 | Vaults:1 | Reached skill level 16 in Fighting
 33974 | Vaults:1 | Received a gift from Trog
 33999 | Vaults:1 | Reached skill level 16 in Armour
 34173 | Vaults:1 | Received a gift from Trog
 34545 | Vaults:2 | Received a gift from Trog
 34709 | Vaults:2 | Received a gift from Trog
 34807 | Vaults:2 | Found a portal to a secret trove of treasure.
 34984 | Vaults:2 | You are sucked into a shaft for 2 floors!
 35023 | Vaults:4 | Paralysed by a floating eye for 3 turns
 35032 | Vaults:4 | Reached skill level 12 in Axes
 35066 | Vaults:4 | Found Jefuog's Gadget Emporium.
 35239 | Vaults:4 | Received a gift from Trog
 35244 | Vaults:4 | Reached XP level 21. HP: 107/188 MP: 28/28
 35247 | Vaults:4 | Reached skill level 17 in Throwing
 35332 | Vaults:3 | Reached skill level 12 in Evocations
 36092 | Vaults:5 | Entered Level 5 of the Vaults
 36126 | Vaults:4 | Received a gift from Trog
 36126 | Vaults:4 | Reached skill level 13 in Axes
 36156 | Vaults:5 | Reached skill level 12 in Dodging
 36157 | Vaults:5 | Received a gift from Trog
 36482 | Vaults:4 | Received a gift from Trog
 36799 | Vaults:5 | Reached skill level 14 in Axes
 36855 | Vaults:4 | Reached skill level 17 in Fighting
 37196 | Vaults:5 | Reached skill level 17 in Armour
 37222 | Vaults:5 | Received a gift from Trog
 37536 | Vaults:5 | Reached XP level 22. HP: 181/199 MP: 30/30
 37549 | Vaults:5 | Got a fine battleaxe {god gift}
 37576 | Vaults:5 | Reached skill level 18 in Throwing
 37953 | Vaults:5 | Got a silver rune of Zot
 38026 | Vaults:5 | Received a gift from Trog
 38059 | Vaults:5 | Got a vibrating wooden ring
 38060 | Vaults:5 | Identified the ring "Bale" {MP+9 Dex+2} (You took it off a tengu reaver on level 5 of the Vaults)
 38169 | Vaults:5 | Found Zewa's Magic Scroll Shoppe.
 38182 | Vaults:5 | Bought a scroll of holy word for 165 gold pieces
 38182 | Vaults:5 | Bought a scroll of vulnerability for 165 gold pieces
 38182 | Vaults:5 | Bought a scroll of identify for 44 gold pieces
 38182 | Vaults:5 | Bought a scroll of identify for 44 gold pieces
 38182 | Vaults:5 | Bought a scroll of identify for 44 gold pieces
 38182 | Vaults:5 | Bought a scroll of identify for 44 gold pieces
 38182 | Vaults:5 | Bought a scroll of fear for 77 gold pieces
 38183 | Vaults:5 | Identified the +12 battleaxe "Ughix" {chop, rPois Dex-4 SInv} (Trog gifted it to you on level 5 of the Vaults)
 38230 | Vaults:5 | Got an ichor-stained broad axe {speed}
 38244 | Vaults:5 | Received a gift from Trog
 38361 | Vaults:5 | Reached skill level 15 in Axes
 38940 | Elf:1    | Entered Level 1 of the Elven Halls
 38986 | Elf:1    | Received a gift from Trog
 39085 | Elf:3    | Entered Level 3 of the Elven Halls
 39231 | Elf:2    | Reached skill level 13 in Dodging
 39307 | Elf:3    | Received a gift from Trog
 39846 | Elf:3    | Reached skill level 13 in Evocations
 39866 | Elf:3    | Received a gift from Trog
 40045 | Elf:3    | Got a slimy plate armour
 40099 | Elf:3    | Identified the +4 plate armour of Foly {rPois Dex+3} (You took it off a deep elf master archer on level 3 of the Elven Halls)
 40245 | Elf:3    | Got a shimmering lapis lazuli ring
 40247 | Elf:3    | Lost intelligence.
 40247 | Elf:3    | Identified the ring "Cezer" {+Inv rPois rC++ AC+4 Int-5} (You took it off a deep elf sorcerer on level 3 of the Elven Halls)
 40265 | Elf:3    | Received a gift from Trog
 40354 | Elf:3    | Got an aquamarine-encrusted plate armour
 40365 | Elf:3    | Identified the +10 plate armour of the Cast Vote {rCorr Str+4} (You found it on level 3 of the Elven Halls)
 40758 | Depths:1 | Entered Level 1 of the Depths
 40826 | Depths:1 | Found a gateway to a ziggurat.
 40934 | Depths:1 | Found a gateway to Hell.
 40987 | Depths:1 | Reached skill level 16 in Axes
 40995 | Depths:1 | Found a corrupted altar of Lugonu.
 40997 | Depths:1 | Found a one-way gate to the infinite horrors of the Abyss.
 41008 | Depths:1 | Found a one-way gate leading to the halls of Pandemonium.
 41026 | Depths:1 | Voluntarily entered the Abyss.
 41061 | Abyss:3  | Reached XP level 23. HP: 207/207 MP: 31/31
 41106 | Abyss:3  | Received a gift from Trog
 41147 | Abyss:3  | Reached skill level 19 in Throwing
 41240 | Abyss:3  | Found a corrupted altar of Lugonu.
 41303 | Abyss:3  | Got an abyssal rune of Zot
 41309 | Abyss:3  | Killed from afar by a hellephant

Skill      XL: |  1  2  3  4  5  6  7  8  9 10 11 12 13 14 15 16 17 18 19 20 21 22 23 |
---------------+----------------------------------------------------------------------+-----
Maces & Flails | 4 5 6 10 11 12 13 14 15 16 18 19 20 | 20.0
Throwing       | 1 3 4 6 7 8 9 10 12 13 14 15 16 17 18 19 | 19.1
Armour         | 3 4 6 8 9 10 11 12 13 14 15 16 17 | 17.8
Fighting       | 4 5 7 8 9 11 12 13 14 15 16 17 | 17.9
Evocations     | 2 4 6 7 8 9 10 11 12 13 | 13.3
Dodging        | 5 7 8 9 10 11 12 13 | 13.5
Axes           | 4 9 12 14 16 | 16.4

Action                   |  1- 3 |  4- 6 |  7- 9 | 10-12 | 13-15 | 16-18 | 19-21 | 22-24 || total
-------------------------+-------+-------+-------+-------+-------+-------+-------+-------++-------
Melee: Mace              |    44 |    53 |    22 |       |       |       |       |       ||   119
       Headbutt          |     7 |    12 |    42 |    93 |   231 |   120 |   528 |   258 ||  1291
       Morningstar       |       |       |   258 |   166 |       |       |       |       ||   424
       Great mace        |       |       |       |   421 |  1089 |   212 |       |       ||  1722
       Battleaxe         |       |       |       |       |       |   232 |  1413 |   655 ||  2300
Throw: Tomahawk          |       |       |       |     4 |    89 |    71 |    45 |     8 ||   217
       Javelin           |       |       |       |       |    37 |       |       |       ||    37
Invok: Berserk           |     2 |     2 |     8 |     9 |    22 |     1 |     8 |     5 ||    57
       Trog's Hand       |       |       |     2 |     5 |     7 |     3 |     6 |     3 ||    26
       Burn Spellbooks   |       |       |       |     3 |     3 |       |     2 |     6 ||    14
       Brothers in Arms  |       |       |       |     1 |     3 |       |     1 |       ||     5
 Abil: Stop Flying       |       |       |       |       |     1 |       |       |       ||     1
       Evoke Flight      |       |       |       |       |     1 |       |       |       ||     1
Evoke: Wand              |       |       |       |    28 |     4 |       |       |     3 ||    35
       Phantom mirror    |       |       |       |       |       |     2 |       |       ||     2
       Lamp of fire      |       |       |       |       |       |     1 |     1 |       ||     2
  Use: Scroll            |       |       |       |       |       |    25 |    11 |     8 ||    44
       Potion            |       |       |       |       |       |     2 |     1 |       ||     3
 Stab: Sleeping          |     3 |       |     2 |       |       |       |       |       ||     5
       Distracted        |       |       |       |       |       |       |     2 |       ||     2
       Invisible         |       |       |       |       |       |       |       |     4 ||     4
  Eat: Chunk             |     1 |     4 |    21 |    28 |    45 |     5 |    34 |     9 ||   147
       Ration            |       |       |       |     3 |     5 |     4 |     3 |     3 ||    18
Armor: Animal skin       |     7 |     6 |    37 |       |       |       |       |       ||    50
       Chain mail        |       |       |    10 |   327 |   509 |   251 |   785 |   157 ||  2039
       Crystal plate arm |       |       |       |       |       |       |       |   160 ||   160
       Plate armour      |       |       |       |       |       |       |       |     3 ||     3
Dodge: Dodged            |    30 |    34 |   141 |   266 |   444 |   322 |  1505 |   378 ||  3120
Block: Other             |       |       |       |    30 |    56 |    30 |       |       ||   116
       Reflection        |       |       |       |     4 |       |     2 |       |       ||     6
